 Dungeon Crawl Stone Soup version 0.31.0-9-g3a7656b989 (webtiles) character file.

Game seed: 6340517132458709886

1857 Kenran the Ruffian (level 9, 0/84 (88) HPs)
             Began as an Oni Shapeshifter on Jan 25, 2024.
             Was a Believer of Uskayaw.
             Slain by a wight
             ... wielding a +3 halberd
              (11 damage)
             ... on level 7 of the Dungeon.
             The game lasted 00:12:37 (4867 turns).

Kenran the Ruffian (Oni Shapeshifter)               Turns: 4867, Time: 00:12:38

HP:   0/84 (88)     AC:  1    Str: 24    XL:     9   Next: 13%
MP:   11/11         EV: 14    Int: 11    God:    Uskayaw [**....]
Gold: 378           SH:  0    Dex: 14    Spells: 8/8 levels left

rFire   . .          .
                       - Unarmed
rCold   . . .        (shield currently unavailable)
rNeg    + . .        a - melded +0 animal skin
rPois   .            (helmet restricted)
rElec   .            (no cloak)
rCorr   .            (gloves unavailable)
SInv    .            (boots unavailable)
Will    .....        w - amulet of regeneration
Stlth   +            j - ring of positive energy
HPRegen 1.14/turn    q - +6 ring of dexterity
MPRegen 0.12/turn

%: no passive effects
@: flux-form, glowing, lightly drained
A: glow, contaminating, large, unfitting armour, horns 1, tough skin 1, double
potion healing, drunken brawling
a: Begin Untransformation, Renounce Religion, Stomp, Line Pass


You were on level 7 of the Dungeon.
You worshipped Uskayaw.
Uskayaw was noncommittal.
You were something dangerously unstable.
You visited 1 branch of the dungeon, and saw 7 of its levels.
You also visited: Sewer.

You collected 378 gold pieces.

Inventory:

Armour
 a - a +0 animal skin (melded)
 D - a +0 cloak
Jewellery
 e - a ring of fire
 h - a ring of ice
 j - a ring of positive energy (left hand)
 q - a +6 ring of dexterity (right hand)
 w - an amulet of regeneration (around neck)
Talismans
 c - a beast talisman
 d - a flux talisman (active)
 x - a granite talisman
Wands
 l - a wand of flame (22)
 p - a wand of charming (6)
Scrolls
 n - a scroll of enchant armour
 r - a scroll of fear
 t - a scroll of vulnerability {!r}
 y - a scroll of blinking
 A - a scroll of identify {@r1}
 C - a scroll of amnesia {unknown}
 E - a scroll of teleportation {unknown}
 F - a scroll of silence {unknown}
Potions
 b - 2 potions of enlightenment
 f - a potion of berserk rage {!q}
 g - 3 potions of heal wounds {@q2}
 i - a potion of attraction {unknown}
 k - a potion of brilliance {unknown}
 m - 2 potions of resistance {unknown}
 o - 2 potions of curing {@q1}
 s - 2 potions of haste {unknown}
 u - a potion of invisibility {unknown}
 v - a potion of experience {unknown}
 z - a potion of lignification {!q}
 B - 2 potions of degeneration {unknown}


   Skills:
 - Level 5.0 Fighting
 + Level 3.1 Dodging
 + Level 7.3 Unarmed Combat
 - Level 3.0 Invocations
 - Level 7.0 Shapeshifting


You had 8 spell levels left.
You didn't know any spells.
Your spell library contained the following spells:

 Spells                   Type           Power      Damage    Failure   Level
 Magic Dart               Conj           0%         1d3       34%         1
 Blink                    Tloc           0%         N/A       47%         2
 Lesser Beckoning         Tloc           0%         N/A       47%         2
 Momentum Strike          Conj/Tloc      0%         3d8       47%         2
 Searing Ray              Conj           0%         2d4       47%         2
 Fulminant Prism          Conj/Alch      0%         3d5       98%         4
 Iskenderun's Battlesphe  Conj           0%         2d6       100%        5
 Bombard                  Conj/Erth      0%         9d1       100%        6
 Spellforged Servitor     Conj/Summ      0%         N/A       100%        7


Dungeon Overview and Level Annotations

Branches:
Dungeon (7/15)             Temple (0/1) D:6           Sewer (visited)

Altars:
Uskayaw

Shops:
D:7 :

Annotations:
D:7 Pikel


Innate Abilities, Weirdness & Mutations

You are something dangerously unstable.
You glow with magical radiation, making you easy to see and hit.
Foes you strike become dangerously contaminated with magical radiation.
You are incapable of wielding weapons or throwing items.
You are too large for most types of armour.
You have a pair of small horns on your head.
You have tough skin. (AC +1)
You gain doubled healing and magic from potions.
Whenever you drink a healing potion, you attack all around you.


Message History

The orc shouts!
The orc wizard shouts!
The wight barely misses you.
Things that are here:
a +2 short sword of flaming; an orc corpse You hit the wight.
The wight begins to glow.
The wight is lightly damaged.
A wight comes into view. It is wielding a +3 war axe.
You hit the wight.
The wight begins to glow.
You headbutt the wight, but do no damage.
The wight is lightly damaged.
The orc wizard gestures wildly while chanting.
The orc wizard flickers and vanishes!
Deactivating autopickup; reactivate with Ctrl-A.
The wight hits you from afar with a +3 halberd!
You barely miss the wight.
The wight is lightly damaged.
The wight hits you with a +2 great sword of freezing!
The wight freezes you. The wight completely misses you.
You hit the wight.
The wight glows dangerously bright.
The wight is moderately damaged.
The wight hits you with a +2 great sword of freezing!
You partially resist.
You feel drained. The wight freezes you.
The wight hits you from afar with a +3 halberd!
You partially resist.
You feel drained.
You can now pass through a line of other dancers.
You are too injured to fight recklessly!
You completely miss the wight. You headbutt the wight.
The wight is heavily damaged.
The wight closely misses you.
You barely miss the wight.
The wight is moderately damaged.
The wight closely misses you.
You barely miss the wight. Your headbutt misses the wight.
The wight is moderately damaged.
The wight hits you with a +2 great sword of freezing!!
* * * LOW HITPOINT WARNING * * *
The wight freezes you!
* * * LOW HITPOINT WARNING * * *
The wight hits you from afar with a +3 halberd!
You die...

#......≣≣∩...#
######.##.#.≣≣≣≣..#
............≣≣≣≣≣.######
######.##.#............#
##.##.##.#..######.####### ###
#...#....................#
z.###...##############.#####.#
#.........#########....#
#.#.......zo{zzzp......#
#.........#########....##
..###...### ##....####. ###
#...# #...(...... #####
#.....#### #..#.##
#######..#.# #..........#
#.#####..###


You could see 4 wights and an orc.

Vanquished Creatures
  Sigmund (D:5)
  2 water moccasins (D:6)
  A sky beast (D:6)
  A black bear (D:6)
  2 centaurs (D:5)
  A kobold brigand (Sewer)
  A phantom (D:6)
  3 lemures
  4 scorpions
  A howler monkey (D:5)
  3 hounds
  A bombardier beetle (D:5)
  2 gnoll boudas
  2 orc priests
  4 jellies
  An iguana (D:4)
  Jessica (D:2)
  3 orc wizards
  7 gnolls
  6 adders
  A white imp (D:5)
  6 ufetubi
  A ribbon worm (D:4)
  A dart slug (D:3)
  10 orcs
  3 bats
  4 endoplasms
  8 giant cockroaches
  5 goblins
  3 hobgoblins
  2 jackals (D:4)
  13 kobolds
  4 quokkas
  8 ball pythons
  2 frilled lizards
  10 rats
128 creatures vanquished.

Notes
Turn   | Place    | Note
-------+----------+-------------------------------------------
     0 | D:1      | Kenran the Oni Shapeshifter began the quest for the Orb.
     0 | D:1      | Reached XP level 1. HP: 19/19 MP: 1/1
     1 | D:1      | Noticed an electric eel
   148 | D:1      | Reached XP level 2. HP: 27/27 MP: 2/2
   691 | D:2      | Found a faded altar of an unknown god.
   755 | D:2      | Noticed Jessica
   763 | D:2      | Killed Jessica
   764 | D:2      | Reached XP level 3. HP: 26/33 MP: 3/3
   945 | D:2      | Found a hide-covered altar of Uskayaw.
   951 | D:2      | Reached XP level 4. HP: 41/41 MP: 4/4
   953 | D:2      | Became a worshipper of Uskayaw the Reveller
  1200 | D:3      | Reached * piety under Uskayaw
  1349 | D:3      | Reached ** piety under Uskayaw
  1376 | D:3      | Noticed a scorpion
  1381 | D:3      | Killed a scorpion
  1382 | D:3      | Reached skill level 5 in Unarmed Combat
  1382 | D:3      | Reached XP level 5. HP: 48/48 MP: 5/5
  1532 | D:3      | Found a glowing drain.
  1540 | Sewer    | Entered a sewer
  1649 | Sewer    | Noticed a kobold brigand
  1668 | Sewer    | Reached *** piety under Uskayaw
  1669 | Sewer    | Killed a kobold brigand
  1670 | Sewer    | Reached skill level 1 in Invocations
  1670 | Sewer    | Reached XP level 6. HP: 56/57 MP: 5/7
  1705 | Sewer    | Found a white marble altar of Elyvilon.
  2248 | D:4      | You fall into a shaft and drop 1 floor!
  2248 | D:5      | Entered Level 5 of the Dungeon
  2250 | D:5      | Noticed Sigmund
  2490 | D:4      | Reached **** piety under Uskayaw
  2639 | D:4      | Reached XP level 7. HP: 54/67 MP: 8/8
  3018 | D:5      | Killed Sigmund
  3019 | D:5      | Reached skill level 5 in Shapeshifting
  3241 | D:5      | Reached XP level 8. HP: 68/78 MP: 9/9
  4152 | D:6      | HP: 1/78 [acid (4)]
  4278 | D:6      | Found a staircase to the Ecumenical Temple.
  4309 | D:6      | Reached skill level 5 in Fighting
  4381 | D:6      | Reached XP level 9. HP: 63/88 MP: 9/11
  4634 | D:7      | Noticed Pikel
  4763 | D:7      | Found Bezuvowu's Tiny Tomes.
  4867 | D:7      | Slain by a wight

Illustrated notes

Levels and vault maps discovered:
D:1:      arrival_aquarium_a, layout_basic, dreamdust_wishing_well,
          serial_bayou_lake_a
D:2:      layout_rooms, ebering_ecumenical_altar_abandoned, basic_altar,
          uniq_jessica
D:3:      layout_basic, portal_sewer_entry_e, kennysheep_big_empty_room
D:4:      layout_cave_pools
D:5:      layout_basic, hex_large, uniq_sigmund
D:6:      layout_loops_ring, minmay_temple_entry_statues_fountains,
          hangedman_abyss_or_decor_stabs
D:7:      layout_loops_ring, serial_shops, shop, nrook_campfire,
          nicolae_shop_i_like_small_books_too, uniq_joseph, uniq_pikel

Skill      XL: |  1  2  3  4  5  6  7  8  9 |
---------------+----------------------------+-----
Unarmed Combat | 3 4 5 6 7 |  7.3
Dodging        | 2 3 |  3.1
Fighting       | 2 3 4 5 |  5.0
Invocations    | 1 2 3 |  3.0
Shapeshifting  | 4 5 7 |  7.0

Action                     |  1- 3 |  4- 6 |  7- 9 || total
---------------------------+-------+-------+-------++-------
  Melee: Unarmed           |    65 |   121 |   151 ||   337
         Headbutt          |     6 |    16 |    37 ||    59
         Punch             |       |     4 |     7 ||    11
  Evoke: Wand              |       |       |     1 ||     1
    Use: Potion            |       |     1 |     3 ||     4
         Scroll            |       |       |     6 ||     6
   Stab: Paralysed         |       |     4 |     7 ||    11
         Sleeping          |       |     1 |       ||     1
 Armour: Animal skin       |    29 |    57 |    80 ||   166
         Skin              |       |       |    21 ||    21
  Dodge: Dodged            |    33 |    39 |    75 ||   147
   Form: Beast             |     1 |       |       ||     1
         Flux              |       |       |     1 ||     1
